 Dungeon Crawl Stone Soup version 0.30-a0-321-gf7783e6616 (webtiles) character file.

Game seed: 2526678576747113773

119973 Jorund the Slicer (level 16, -7/136 HPs)
             Began as a Gnoll Wanderer on Oct 26, 2022.
             Was a High Priest of Ashenzari.
             Killed from afar by an eleionoma (27 damage)
             ... with a spray of wooden splinters
             ... on level 1 of the Swamp on Oct 27, 2022.
             The game lasted 02:07:50 (39016 turns).

Jorund the Slicer (Gnoll Wanderer)                 Turns: 39016, Time: 02:07:51

Health: -7/136     AC:  8    Str: 10    XL:     16   Next: 81%
Magic:  16/35      EV: 19    Int: 17    God:    Ashenzari [*****.]
Gold:   1382       SH:  9    Dex: 18    Spells: 5/45 levels left

rFire   + + +      SeeInvis +    r - +2 dagger "Behold Eternity" {venom, Melee, Range} (curse)
rCold   + + +      Faith    .    b - +1 buckler of Panopticon {Range, Fort} (curse)
rNeg    . . .      Spirit   .    O - +0 robe "Cursed Hedonism" {Will+, Comp, Bglg} (curse)
rPois   .          Reflect  .    U - +0 hat of Ashenzari's Portent {Bglg, Elem} (curse)
rElec   .          Harm     .    u - scarf of Supernal Knowledge {rC+ rF+, Bglg, Range} (curse)
rCorr   .          Rampage  .    g - +2 pair of gloves "Wipyel" {Drain rF++ Dex+4 SInv}
Will    ++...      Clarity  +    d - +0 pair of boots "Share My Chagrin" {Self, Melee} (curse)
Stlth   +++++.....               S - amulet of magic regeneration
HPRegen 0.42/turn                o - ring "I Knew You'd Do That" {Wiz, Self, Evo} (curse)
MPRegen 0.64/turn                D - ring of Supernal Knowledge {rC+, Evo, Range} (curse)

@: no status effects
A: fangs 2, strong nose, distributed training, horns 1, cold resistance 1, weak
1
a: Renounce Religion, Shatter the Chains


You were on level 1 of the Swamp.
You worshipped Ashenzari.
Ashenzari was extremely pleased with you.
You visited 5 branches of the dungeon, and saw 24 of its levels.
You also visited: Bailey and Ice Cave.

You collected 2556 gold pieces.
You spent 1174 gold pieces at shops.

Inventory:

Hand Weapons
 r - the cursed +2 dagger "Behold Eternity" (weapon) {venom, Melee, Range}
   (You took it off a goblin on level 4 of the Dungeon)

   It poisons the flesh of those it strikes.
   It has a curse which improves the following skills: Melee Combat: Short
   Blades, Long Blades, Axes, Maces & Flails, Polearms, Staves and Unarmed
   Combat.
   Ranged Combat: Ranged Weapons and Throwing.
 E - a +4 war axe
Missiles
 G - 7 curare-tipped darts (quivered)
Armour
 b - the cursed +1 buckler of Panopticon (worn) {Range, Fort}

   It has a curse which improves the following skills: Ranged Combat: Ranged
   Weapons and Throwing.
   Fortitude: Armour and Shields.
 d - the cursed +0 pair of boots "Share My Chagrin" (worn) {Self, Melee}
   (You found it on level 3 of the Lair of Beasts)

   It has a curse which improves the following skills: Introspection: Fighting
   and Spellcasting.
   Melee Combat: Short Blades, Long Blades, Axes, Maces & Flails, Polearms,
   Staves and Unarmed Combat.
 g - the +2 pair of gloves "Wipyel" (worn) {Drain rF++ Dex+4 SInv}
   (You bought it in a shop on level 2 of the Orcish Mines)

   Dex:       It affects your dexterity (+4).
   rF:        It greatly protects you from fire.
   SInv:      It lets you see invisible.
   Drain:     It drains your maximum health when unequipped.
 u - the cursed scarf of Supernal Knowledge (worn) {rC+ rF+, Bglg, Range}
   (You found it in an ice cave)

   It has a curse which improves the following skills: Beguiling: Conjurations,
   Hexes and Translocations.
   Ranged Combat: Ranged Weapons and Throwing.
 w - the +2 pair of boots "Isaesed" {Dex+2}
   (You bought it in a shop on level 2 of the Orcish Mines)

   Dex:       It affects your dexterity (+2).
 C - a +1 robe of resistance
 O - the cursed +0 robe "Cursed Hedonism" (worn) {Will+, Comp, Bglg}
   (You took it off Pikel on level 8 of the Dungeon)

   It has a curse which improves the following skills: Companions: Summonings
   and Necromancy.
   Beguiling: Conjurations, Hexes and Translocations.
 U - the cursed +0 hat of Ashenzari's Portent (worn) {Bglg, Elem}
   (You found it on level 11 of the Dungeon)

   It has a curse which improves the following skills: Beguiling: Conjurations,
   Hexes and Translocations.
   Elements:  Fire Magic, Ice Magic, Air Magic and Earth Magic.
Jewellery
 f - a ring of magical power
 o - the cursed ring "I Knew You'd Do That" (left hand) {Wiz, Self, Evo}
   (You found it on level 2 of the Dungeon)

   [ring of wizardry]

   It improves your spell success rate.
   It has a curse which improves the following skills: Introspection: Fighting
   and Spellcasting.
   Evocations: Evocations.
 D - the cursed ring of Supernal Knowledge (right hand) {rC+, Evo, Range}
   (You found it on level 6 of the Dungeon)

   [ring of protection from cold]

   rC:        It protects you from cold.
   It has a curse which improves the following skills: Evocations: Evocations.
   Ranged Combat: Ranged Weapons and Throwing.
 N - a ring of poison resistance
 S - an amulet of magic regeneration (around neck)
 Z - a +4 ring of protection
Wands
 p - a wand of charming (16)
 A - a wand of roots (1)
 F - a wand of digging (17)
 W - a wand of flame (8)
Scrolls
 c - 4 scrolls of butterflies
 h - a scroll of noise
 i - a scroll of summoning
 j - 4 scrolls of vulnerability
 m - 3 scrolls of enchant armour
 q - a scroll of fear
 s - 3 scrolls of amnesia
 v - 2 scrolls of brand weapon
 y - 6 scrolls of enchant weapon
 B - 2 scrolls of blinking
 P - 17 scrolls of identify
 Q - 4 scrolls of immolation
 R - 7 scrolls of teleportation
 X - a scroll of magic mapping
Potions
 a - a potion of resistance
 e - 3 potions of flight
 l - 4 potions of lignification
 n - 2 potions of berserk rage
 t - 3 potions of cancellation
 z - 3 potions of mutation
 H - 2 potions of brilliance
 I - 4 potions of might
 J - 2 potions of heal wounds
 K - 2 potions of magic
 L - a potion of invisibility
 M - 9 potions of haste
 T - 3 potions of curing
 Y - 2 potions of ambrosia
Miscellaneous
 k - a phial of floods
 x - a condenser vane
 V - a phantom mirror


   Skills:
 + Level 11.5(15.0) Fighting
 + Level 14.1(17.5) Short Blades
 + Level 11.5(15.0) Long Blades
 + Level 11.5(15.0) Axes
 + Level 11.5(15.0) Maces & Flails
 + Level 11.5(15.0) Polearms
 + Level 11.5(15.0) Staves
 + Level 11.5(17.0) Ranged Weapons
 + Level 11.5(17.0) Throwing
 + Level 11.5(13.8) Armour
 + Level 11.5 Dodging
 + Level 11.5 Stealth
 + Level 12.4(14.6) Shields
 + Level 11.5(15.0) Unarmed Combat
 + Level 11.9(15.3) Spellcasting
 + Level 9.7(14.2) Conjurations
 + Level 9.7(14.2) Hexes
 + Level 9.7(12.0) Summonings
 + Level 9.7(12.0) Necromancy
 + Level 11.2(15.7) Translocations
 + Level 9.7 Transmutations
 + Level 9.7(12.0) Fire Magic
 + Level 9.7(12.0) Ice Magic
 + Level 9.7(12.0) Air Magic
 + Level 9.7(12.0) Earth Magic
 + Level 9.7 Poison Magic
 + Level 12.5 Invocations
 + Level 11.5(15.0) Evocations


You had 5 spell levels left.
You knew the following spells:

 Your Spells              Type           Power      Damage    Failure   Level
a - Apportation           Tloc           100%       N/A       0%          1
b - Airstrike             Air            26%        2d(4-20)  1%          4
c - Vhi's Electric Charg  Tloc/Air       100%       N/A       1%          3
d - Mephitic Cloud        Conj/Pois/Air  52%        N/A       1%          3
e - Swiftness             Air            52%        N/A       1%          3
f - Dispel Undead         Necr           52%        3d19      1%          4
g - Blink                 Tloc           100%       N/A       0%          2
h - Olgreb's Toxic Radia  Pois           46%        N/A       1%          4
i - Borgnjor's Vile Clut  Necr/Erth      26%        N/A       1%          5
j - Freezing Cloud        Conj/Ice/Air   27%        6-21      1%          5
k - Iron Shot             Conj/Erth      27%        9d6       1%          6

Your spell library contained the following spells:

 Spells                   Type           Power      Damage    Failure   Level
 Momentum Strike          Conj/Tloc      100%       3d10      0%          2
 Freeze                   Ice            100%       1d10      1%          1
 Necrotise                Necr           100%       1d9       1%          1
 Shock                    Conj/Air       100%       1d9       1%          1
 Sting                    Tmut/Pois      100%       1d8       1%          1
 Summon Small Mammal      Summ           100%       N/A       1%          1
 Cigotuvi's Dreadful Rot  Necr/Pois/Air  100%       N/A       1%          2
 Poisonous Vapours        Pois/Air       100%       N/A       1%          2
 Scorch                   Fire           100%       2d10      1%          2
 Call Canine Familiar     Summ           52%        N/A       1%          3
 Frozen Ramparts          Ice            100%       1d16      1%          3
 Gell's Gravitas          Tloc           60%        N/A       1%          3
 Hailstorm                Conj/Ice       55%        3d12      1%          3
 Lesser Beckoning         Tloc           100%       N/A       1%          3
 Summon Guardian Golem    Hex/Summ       55%        N/A       1%          3
 Teleport Other           Tloc           60%        N/A       1%          3
 Vampiric Draining        Necr           52%        2d9       1%          3
 Animate Armour           Summ/Erth      100%       N/A       1%          4
 Animate Dead             Necr           52%        N/A       1%          4
 Flame Wave               Conj/Fire      55%        2d13      1%          4
 Manifold Assault         Tloc           60%        N/A       1%          4
 Petrify                  Tmut/Erth      50%        N/A       1%          4
 Alistair's Intoxication  Tmut/Pois      30%        N/A       1%          5
 Blade Hands              Tmut           23%        N/A       1%          5
 Iskenderun's Battlesphe  Conj           57%        2d11      1%          5
 Metabolic Englaciation   Hex/Ice        27%        N/A       1%          5
 Dispersal                Tloc           30%        N/A       1%          6
 Death Channel            Necr           26%        N/A       2%          6
 Summon Cactus Giant      Summ           26%        N/A       2%          6
 Statue Form              Tmut/Erth      33%        N/A       4%          6
 Eringya's Noxious Bog    Tmut/Pois      23%        N/A       6%          6
 Orb of Destruction       Conj           28%        9d9       6%          7
 Spellforged Servitor     Conj/Summ      27%        N/A       9%          7
 Ozocubu's Refrigeration  Ice            26%        4d13      13%         7
 Death's Door             Necr           26%        N/A       100%        9


Dungeon Overview and Level Annotations

Branches:
Dungeon (15/15)            Temple (1/1) D:6            Lair (5/5) D:11
  Swamp (1/4) Lair:2       Spider (0/4) Lair:2        Slime (0/5) Lair:4
    Orc (2/2) D:12            Elf (0/3) Orc:2        Vaults (0/5) D:13
 Depths (0/4) D:15         Bailey (visited)           IceCv (visited)

Altars:
Ashenzari
Elyvilon
Fedhas
Gozag
Hepliaklqana
Makhleb
Okawaru
Qazlal
Ru
Sif Muna
Trog
Uskayaw
Vehumet
Wu Jian
Xom
Yredelemnul
Zin
The Shining One
Jiyva

Shops:
D:4 *   D:8 ?   D:13 :   Orc:2 ([*=

Annotations:
D:6 3 runed translucent doors, twist's ghost, novice GnCA
D:9 1 runed translucent door, Bnni's ghost, novice FoFi
D:13 1 runed translucent door, Bolaziuv's ghost, journeyman DgDe
D:14 2 transporters, generaletaddeo's ghost, journeyman AtBe
D:15 Roxanne
Lair:4 1 runed translucent door


Innate Abilities, Weirdness & Mutations

You have extremely sharp teeth.
Your uncanny sense of smell can sniff out nearby items.
Your experience applies equally to all skills.
You have a pair of small horns on your head.
Your flesh is cold resistant. (rC+)
You are weak. (Str -2)


Message History

As you read the scroll of blinking, it crumbles to dust.
Casting: Mephitic Cloud (safe; 1% risk of failure)
Confirm with . or Enter, or press ? or * to list all spells.
Aiming: Borgnjor's Vile Clutch (mildly dangerous; 1% risk of failure)
Press: ? - help, Shift-Dir - straight line, f - swamp worm
Aim: a swamp worm (100% to hit)
Zombie hands grab the swamp worm.
The zombie hands constrict the swamp worm.
The swamp worm struggles to escape constriction.
An eleionoma comes into view.
The zombie hands constrict the swamp worm!
The swamp worm struggles to escape constriction.
The eleionoma moves out of view.
As you read the scroll of fear, it crumbles to dust.
You assume a fearsome visage.
The goliath frog looks frightened!
The swamp worm looks frightened! x2
The zombie hands constrict the swamp worm!
The swamp worm struggles to escape constriction.
The zombie hands constrict the swamp worm!
The zombie hands release their grip on the swamp worm.
Found 5 silver boomerangs and 14 gold pieces.
You enter the shallow water.
Moving in this stuff is going to be slow.
You are no longer corroded.
You enter the shallow water.
Moving in this stuff is going to be slow.
You enter the shallow water.
Moving in this stuff is going to be slow.
The eleionoma hurls a spray of splinters at you.
The spray of wooden splinters misses you.
The eleionoma attacks as you move away! The eleionoma hits you.
You enter the shallow water.
Moving in this stuff is going to be slow.
The eleionoma hurls a spray of splinters at you.
The spray of wooden splinters hits you!!
* * * LOW HITPOINT WARNING * * *
Unknown command.
The eleionoma hurls a spray of splinters at you.
The spray of wooden splinters hits you!!
You die...

~.....~~.....♣~♣* * , ,,*
.~.~.~..~.§~.~♣ ~~♣♣~. ,~~
~~...w~......§♣ ≈♣≈. ,
.~...~~~~..♣.~♣ ~ ≈≈≈§~,~ ,
~~...~~~....♣~♣ ~ ≈≈♣* ~,**
.~...~§..~.♣♣.♣♣♣ ≈≈♣ ,.~ *
.....§..♣.♣♣.♣~.♣♣≈≈♣~..,
.~.~.~~~♣♣...~~.÷~~.....,, *
..~........~♣R.§@....~.~~ *
~~~......~.~~~.§.~...~~~ * *
~~.....~~..♣♣.~~~[.~..~~,* **
...(.~..~.♣♣♣.....~~.~~~,* *
......~..♣♣ ♣...~~..~~~~, *
~~ ~.~...~..♣ *♣....~~§.~~~ ~
, ~, .~..~~~..♣ ~...~..~§...
~ ~*
~.~♣~.~~~♣*.~~.....♣§♣♣~~,~,,
~ * ♣♣.~~♣ .~~...§♣~ ~~~ *


You could see an eleionoma.

Vanquished Creatures
  A fire giant (D:15)
  An orc warlord (Orc:2)
  A war gargoyle (D:13)
  Nessos (D:15)
  An eleionoma (Swamp:1)
  2 bunyips (Swamp:1)
  Josephine (D:10)
  4 vault guards (D:13)
  2 rakshasas
  A catoblepas (D:13)
  An ogre mage (D:13)
  7 hydras
  A death knight (D:15)
  4 centaur warriors
  9 boulder beetles
  5 two-headed ogres
  2 tengu warriors
  7 death yaks
  An alligator (Swamp:1)
  3 orc high priests (Orc:2)
  Sonja (Lair:4)
  A skeletal warrior (D:15)
  Lodul (D:12)
  An orb spider (Lair:2)
  A wizard (D:10)
  2 spriggan druids (Swamp:1)
  Pikel (D:8)
  A lindwurm (Lair:4)
  3 necromancers
  28 ugly things
  5 orc knights
  2 deep elf pyromancers
  6 orc sorcerers
  3 manticores (D:14)
  15 elephants
  5 cyclopes
  A guardian serpent (shapeshifter) (D:14)
  6 black mambas
  A torpor snail (Lair:4)
  3 gargoyles (D:13)
  Psyche (D:9)
  2 unseen horrors
  6 rime drakes
  12 cane toads
  7 freezing wraiths
  6 komodo dragons
  3 yaktaurs (D:15)
  A yaktaur (shapeshifter) (D:15)
  A kobold demonologist (D:12)
  3 tengu conjurers
  2 anaconda simulacra (IceCv)
  4 trolls
  3 meliai (D:12)
  5 polar bears
  11 ice devils (IceCv)
  A queen bee (D:12)
  4 hornets
  2 tyrant leeches
  7 dream sheep
  17 blink frogs
  4 slime creatures (D:12)
  An ettin skeleton (Orc:1)
  10 spriggans (Lair:5)
  A shadow (D:11)
  5 wyverns
  6 wraiths
  A dire elephant simulacrum (IceCv)
  43 yaks
  A hog (shapeshifter) (D:15)
  4 basilisks
  6 vampire mosquitoes
  A steam dragon (D:7)
  7 death yak simulacra (IceCv)
  Menkaure (D:6)
  2 swamp worms
  A two-headed ogre zombie (Orc:1)
  A harpy simulacrum (IceCv)
  13 water moccasins
  A hydra simulacrum (IceCv)
  6 black bears
  An ice beast (D:6)
  2 sky beasts
  31 orc warriors
  16 ogres
  19 wolves
  5 boggarts (Lair:5)
  17 centaurs
  3 kobold brigands
  A lemure (D:8)
  2 phantoms (D:4)
  6 scorpions
  A two-headed ogre simulacrum (IceCv)
  19 bullfrogs
  2 necrophages
  2 gnoll sergeants
  4 cane toad simulacra (IceCv)
  10 wights
  A warg zombie (Orc:1)
  A warg skeleton (Orc:1)
  5 elephant simulacra (IceCv)
  25 killer bees
  4 howler monkeys
  An electric eel (Lair:3)
  2 jellies
  24 orc priests
  5 hounds
  Ijyb (D:2)
  4 iguanas
  25 orc wizards
  2 hell rats (D:11)
  2 polar bear simulacra (IceCv)
  A spriggan simulacrum (IceCv)
  2 wolf simulacra (IceCv)
  An ogre zombie (Orc:1)
  An ogre skeleton (Orc:1)
  29 gnolls
  8 adders
  5 river rats (D:11)
  5 shadow imps
  13 white imps
  4 ufetubi (IceCv)
  A worm (D:5)
  A dart slug (D:3)
  81 orcs
  5 ball pythons
  5 endoplasms
  5 giant cockroaches
  13 hobgoblins
  24 kobolds
  10 quokkas
  3 bats
  5 frilled lizards
  11 goblins
  A goblin skeleton (D:5)
  A goblin zombie (D:5)
  4 hobgoblin zombies (D:5)
  A kobold skeleton (D:5)
  2 kobold zombies (D:5)
  5 orc skeletons
  An orc zombie (D:5)
  6 rats
852 creatures vanquished.

Vanquished Creatures (others)
  An orc wizard (Orc:2)
  41 fungi
  73 plants
115 creatures vanquished.

Grand Total: 967 creatures vanquished

Notes
Turn   | Place    | Note
-------+----------+-------------------------------------------
     0 | D:1      | Jorund the Gnoll Wanderer began the quest for the Orb.
     0 | D:1      | Jorund set off with the following items: a +0 short sword,
                  | a +0 buckler, a potion of heal wounds, a +0 leather armour;
                  | and the following spell memorised: Apportation; and the
                  | following spells available to memorise: Vhi's Electric
                  | Charge, Manifold Assault.
     0 | D:1      | Reached XP level 1. HP: 13/13 MP: 4/4
   207 | D:1      | Reached XP level 2. HP: 19/19 MP: 5/5
   496 | D:1      | Reached XP level 3. HP: 25/25 MP: 7/7
   781 | D:2      | Reached skill level 1 in Invocations
   879 | D:2      | Noticed Ijyb
   923 | D:2      | Killed Ijyb
   924 | D:2      | Reached skill level 1 in Fighting
   924 | D:2      | Reached skill level 1 in Long Blades
   924 | D:2      | Reached skill level 1 in Axes
   924 | D:2      | Reached skill level 1 in Maces & Flails
   924 | D:2      | Reached skill level 1 in Polearms
   924 | D:2      | Reached skill level 1 in Staves
   924 | D:2      | Reached skill level 1 in Ranged Weapons
   924 | D:2      | Reached skill level 1 in Throwing
   924 | D:2      | Reached skill level 1 in Armour
   924 | D:2      | Reached skill level 1 in Dodging
   924 | D:2      | Reached skill level 1 in Stealth
   924 | D:2      | Reached skill level 1 in Unarmed Combat
   924 | D:2      | Reached skill level 1 in Evocations
   924 | D:2      | Reached XP level 4. HP: 15/32 MP: 8/8
   997 | D:2      | Reached skill level 1 in Conjurations
   997 | D:2      | Reached skill level 1 in Hexes
   997 | D:2      | Reached skill level 1 in Summonings
   997 | D:2      | Reached skill level 1 in Necromancy
   997 | D:2      | Reached skill level 1 in Transmutations
   997 | D:2      | Reached skill level 1 in Fire Magic
   997 | D:2      | Reached skill level 1 in Ice Magic
   997 | D:2      | Reached skill level 1 in Air Magic
   997 | D:2      | Reached skill level 1 in Earth Magic
   997 | D:2      | Reached skill level 1 in Poison Magic
  1346 | D:2      | Reached XP level 5. HP: 18/37 MP: 9/9
  1855 | D:3      | You fall into a shaft and drop 2 floors!
  1855 | D:5      | Entered Level 5 of the Dungeon
  2094 | D:5      | Reached XP level 6. HP: 35/44 MP: 11/11
  2268 | D:5      | Reached skill level 5 in Shields
  2401 | D:3      | Found a faded altar of an unknown god.
  3133 | D:3      | Found a hide-covered altar of Uskayaw.
  3261 | D:4      | Found Juruuzud's Assorted Antiques.
  3339 | D:4      | Reached XP level 7. HP: 51/51 MP: 12/12
  3348 | D:4      | Found the +7 staff of the Meek {protect, meekguard}
  3506 | D:4      | HP: 1/50 [acid (8)]
  3740 | D:4      | Reached skill level 9 in Short Blades
  4066 | D:4      | Reached XP level 8. HP: 37/58 MP: 14/14
  4435 | D:5      | Found a glowing golden altar of the Shining One.
  5657 | D:6      | Learned a level 2 spell: Poisonous Vapours
  5661 | D:6      | Learned a level 3 spell: Vhi's Electric Charge
  5665 | D:6      | Found a staircase to the Ecumenical Temple.
  5675 | D:6      | Noticed twist's ghost (novice GnCA)
  5721 | D:6      | Noticed Menkaure
  5728 | Temple   | Entered the Ecumenical Temple
  5807 | Temple   | Became a worshipper of Ashenzari the Shackled
  5825 | D:6      | Killed Menkaure
  5948 | D:6      | Found a runed translucent gate.
  5949 | D:6      | Found a runed translucent gate.
  5957 | D:6      | Found a runed translucent gate.
  6044 | D:6      | Found a hazy altar of Hepliaklqana.
  6149 | D:6      | Reached XP level 9. HP: 49/65 MP: 16/16
  6282 | D:6      | Reached skill level 5 in Spellcasting
  7298 | D:7      | Found a shimmering altar of Xom.
  7316 | D:7      | Reached skill level 5 in Invocations
  7825 | D:8      | Noticed Pikel
  7855 | D:8      | Noticed a two-headed ogre
  7872 | D:8      | Killed a two-headed ogre
  7873 | D:8      | Reached skill level 5 in Fighting
  7873 | D:8      | Reached skill level 5 in Long Blades
  7873 | D:8      | Reached skill level 5 in Axes
  7873 | D:8      | Reached skill level 5 in Maces & Flails
  7873 | D:8      | Reached skill level 5 in Polearms
  7873 | D:8      | Reached skill level 5 in Staves
  7873 | D:8      | Reached skill level 5 in Ranged Weapons
  7873 | D:8      | Reached skill level 5 in Throwing
  7873 | D:8      | Reached skill level 5 in Armour
  7873 | D:8      | Reached skill level 5 in Dodging
  7873 | D:8      | Reached skill level 5 in Stealth
  7873 | D:8      | Reached skill level 5 in Unarmed Combat
  7873 | D:8      | Reached skill level 5 in Evocations
  7873 | D:8      | Reached XP level 10. HP: 62/74 MP: 18/18
  7914 | D:8      | Reached * piety under Ashenzari
  7928 | D:8      | Found a flagged portal.
  7979 | D:8      | Reached skill level 10 in Short Blades
  8440 | Bailey   | Entered a bailey
  8441 | Bailey   | Reached ** piety under Ashenzari
  8446 | Bailey   | Learned a level 3 spell: Mephitic Cloud
  8682 | Bailey   | Noticed an orc knight
  8691 | Bailey   | Killed an orc knight
  9445 | D:8      | HP: 2/75 [yak (15)]
  9593 | D:8      | Killed Pikel
  9807 | D:8      | Found Vamun's Magic Scroll Shoppe.
  9819 | D:8      | Bought 3 scrolls of identify for 72 gold pieces
  9819 | D:8      | Bought a scroll of identify for 24 gold pieces
  9819 | D:8      | Bought a scroll of immolation for 48 gold pieces
 10476 | D:9      | Gained mutation: You sometimes lose your temper in combat.
                  | [potion of mutation]
 10476 | D:9      | Gained mutation: Your muscles are strong. (Str +4, Int/Dex
                  | -1) [potion of mutation]
 10476 | D:9      | Gained mutation: Your spells are a little harder to cast,
                  | but a little more powerful. [potion of mutation]
 10477 | D:9      | Lost mutation: You sometimes lose your temper in combat.
                  | [potion of mutation]
 10477 | D:9      | Lost mutation: Your spells are a little harder to cast, but
                  | a little more powerful. [potion of mutation]
 10477 | D:9      | Lost mutation: Your muscles are strong. (Str +4, Int/Dex
                  | -1) [potion of mutation]
 10477 | D:9      | Gained mutation: Your flesh is cold resistant. (rC+)
                  | [potion of mutation]
 10477 | D:9      | Gained mutation: You have extremely sharp teeth. [potion of
                  | mutation]
 10477 | D:9      | Gained mutation: You are weak. (Str -2) [potion of
                  | mutation]
 10477 | D:9      | Gained mutation: You have a pair of small horns on your
                  | head. [potion of mutation]
 10486 | D:9      | Found a runed translucent door.
 10486 | D:9      | Noticed a centaur warrior
 10487 | D:9      | Noticed Bnni's ghost (novice FoFi)
 11032 | D:9      | Noticed Psyche
 11052 | D:9      | Killed Psyche
 11228 | D:9      | Reached *** piety under Ashenzari
 11246 | D:9      | Reached skill level 5 in Conjurations
 11246 | D:9      | Reached skill level 5 in Hexes
 11246 | D:9      | Reached skill level 5 in Summonings
 11246 | D:9      | Reached skill level 5 in Necromancy
 11246 | D:9      | Reached skill level 5 in Transmutations
 11246 | D:9      | Reached skill level 5 in Fire Magic
 11246 | D:9      | Reached skill level 5 in Ice Magic
 11246 | D:9      | Reached skill level 5 in Air Magic
 11246 | D:9      | Reached skill level 5 in Earth Magic
 11246 | D:9      | Reached skill level 5 in Poison Magic
 11250 | D:9      | Learned a level 3 spell: Swiftness
 11255 | D:9      | Learned a level 4 spell: Dispel Undead
 11325 | D:9      | Noticed a two-headed ogre
 11333 | D:9      | Killed a two-headed ogre
 11334 | D:9      | Reached XP level 11. HP: 81/81 MP: 21/21
 11494 | D:10     | Entered Level 10 of the Dungeon
 11654 | D:10     | Noticed a two-headed ogre
 12385 | D:10     | Noticed Josephine
 12406 | D:10     | Killed a two-headed ogre
 12690 | D:10     | Killed Josephine
 12747 | D:10     | Noticed a wizard
 12756 | D:10     | Killed a wizard
 12818 | D:10     | Learned a level 2 spell: Blink
 12932 | D:11     | Reached **** piety under Ashenzari
 13258 | D:11     | Noticed a death yak
 13258 | D:11     | Noticed a death yak
 13335 | D:11     | Reached skill level 11 in Short Blades
 13846 | D:11     | Noticed a brown ugly thing
 13858 | D:11     | Learned a level 4 spell: Airstrike
 13863 | D:11     | Learned a level 4 spell: Olgreb's Toxic Radiance
 13869 | D:11     | Learned a level 5 spell: Borgnjor's Vile Clutch
 13904 | D:11     | Noticed a boulder beetle
 13917 | D:11     | Killed a boulder beetle
 14009 | D:11     | Noticed a death yak
 14037 | D:11     | Killed a brown ugly thing
 14433 | D:11     | Found a staircase to the Lair.
 14549 | D:11     | Killed a death yak
 14550 | D:11     | Reached XP level 12. HP: 95/95 MP: 4/25
 14558 | D:11     | Killed a death yak
 14572 | D:11     | Killed a death yak
 14751 | Lair:1   | Entered Level 1 of the Lair of Beasts
 15984 | Lair:2   | Noticed a six-headed hydra
 16174 | Lair:2   | Found a frozen archway.
 16256 | IceCv    | Entered an ice cave
 17071 | IceCv    | Reached XP level 13. HP: 65/103 MP: 15/27
 17232 | IceCv    | Found an ancient bone altar of Kikubaaqudgha.
 18106 | IceCv    | Identified the Handbook of Evil Ice
 18748 | Lair:2   | Found a hole to the Spider Nest.
 18758 | Lair:2   | Reached skill level 12 in Short Blades
 19751 | Lair:2   | Found a staircase to the Swamp.
 19914 | Lair:3   | Found a blossoming altar of Fedhas.
 20168 | Lair:3   | Reached skill level 10 in Shields
 20487 | Lair:3   | Reached ***** piety under Ashenzari
 20541 | Lair:3   | Learned a level 5 spell: Freezing Cloud
 21801 | Lair:3   | Reached XP level 14. HP: 116/116 MP: 22/31
 21898 | Lair:3   | Reached skill level 10 in Invocations
 22375 | Lair:4   | Found a runed translucent door.
 22375 | Lair:4   | Found a viscous altar of Jiyva.
 22384 | Lair:4   | Noticed Sonja
 22386 | Lair:4   | Killed Sonja
 22814 | Lair:4   | Found a staircase to the Slime Pits.
 23496 | Lair:5   | Entered Level 5 of the Lair of Beasts
 23509 | Lair:5   | Reached skill level 10 in Spellcasting
 24836 | Lair:5   | Reached skill level 10 in Translocations
 25234 | Lair:5   | Reached skill level 10 in Fighting
 25234 | Lair:5   | Reached skill level 10 in Long Blades
 25234 | Lair:5   | Reached skill level 10 in Axes
 25234 | Lair:5   | Reached skill level 10 in Maces & Flails
 25234 | Lair:5   | Reached skill level 10 in Polearms
 25234 | Lair:5   | Reached skill level 10 in Staves
 25234 | Lair:5   | Reached skill level 10 in Ranged Weapons
 25234 | Lair:5   | Reached skill level 10 in Throwing
 25234 | Lair:5   | Reached skill level 10 in Armour
 25234 | Lair:5   | Reached skill level 10 in Dodging
 25234 | Lair:5   | Reached skill level 10 in Stealth
 25234 | Lair:5   | Reached skill level 10 in Unarmed Combat
 25234 | Lair:5   | Reached skill level 10 in Evocations
 25440 | Lair:5   | Reached skill level 13 in Short Blades
 25937 | Lair:5   | Reached XP level 15. HP: 124/124 MP: 27/32
 26141 | D:12     | Found a staircase to the Orcish Mines.
 27186 | D:12     | Noticed Lodul
 27192 | D:12     | Killed Lodul
 28276 | D:13     | Found the +6 shillelagh "Devastator" {shatter}
 28506 | D:13     | Found Jownuec's Book Emporium.
 28593 | D:13     | Identified the +3 mace "Otuk" {vorpal, Drain Will+ Dex+4}
 29384 | D:13     | Found a runed translucent door.
 29385 | D:13     | Noticed Bolaziuv's ghost (journeyman DgDe)
 29387 | D:13     | Identified the +11 spear of Callousness {venom, rPois rF+
                  | rC+}
 29494 | D:13     | Learned a level 6 spell: Iron Shot
 29917 | D:13     | Identified the +1 pair of gloves of Beastly Awe {rF+ Str+2
                  | Slay-6}
 30267 | D:13     | Found a gate to the Vaults.
 31478 | D:14     | Found a transporter.
 31481 | D:14     | Found a transporter.
 31484 | D:14     | Noticed generaletaddeo's ghost (journeyman AtBe)
 32486 | D:14     | Reached XP level 16. HP: 131/134 MP: 20/34
 32785 | D:15     | Entered Level 15 of the Dungeon
 32810 | D:15     | Found a radiant altar of Vehumet.
 33118 | D:15     | Noticed Roxanne
 33146 | D:15     | Noticed Nessos
 33152 | D:15     | Killed Nessos
 33496 | D:15     | Found a staircase to the Depths.
 35019 | Orc:1    | Entered Level 1 of the Orcish Mines
 36209 | Orc:2    | Entered Level 2 of the Orcish Mines
 36838 | Orc:2    | Reached skill level 14 in Short Blades
 37769 | Orc:2    | Found Xeczij's Antique Armour Emporium.
 37771 | Orc:2    | Found Agoaff's Antique Weapon Shoppe.
 37773 | Orc:2    | Found Reirummou's General Store.
 37773 | Orc:2    | Found Kuleycac's Jewellery Emporium.
 38073 | Orc:2    | Found a staircase to the Elven Halls.
 38379 | Orc:2    | Bought a pair of faintly humming gloves for 275 gold pieces
 38379 | Orc:2    | Identified the +2 pair of gloves "Wipyel" {Drain rF++ Dex+4
                  | SInv} (You bought it in a shop on level 2 of the Orcish
                  | Mines)
 38379 | Orc:2    | Bought a pair of jewelled boots for 275 gold pieces
 38379 | Orc:2    | Identified the +2 pair of boots "Isaesed" {Dex+2} (You
                  | bought it in a shop on level 2 of the Orcish Mines)
 38404 | Orc:2    | Bought an amulet of magic regeneration for 480 gold pieces
 38619 | Swamp:1  | Entered Level 1 of the Swamp
 39016 | Swamp:1  | Killed from afar by an eleionoma

Illustrated notes

Levels and vault maps discovered:
D:1:      tarquinn_simple_flora_water_c, layout_basic
D:2:      kennysheep_the_goblin_king, layout_basic, nicolae_figureground_sparkle
D:3:      layout_loops_ring, nicolae_uskayaw_suspiria,
          shapermc_ecumenical_altar_ellora,
          hangedman_abyss_or_decor_lesser_grid, dk_noncrumbling_3,
          wad_floor_pattern_2
D:4:      layout_rooms, serial_shops, nicolae_square_shop,
          pf_guarded_unrand_meek
D:5:      layout_gridville, nicolae_tso_besieged_by_evil
D:6:      layout_rooms, nicolae_hepliaklqana_hippocampus,
          minmay_temple_entry_arrows, gammafunk_ghost_split, uniq_menkaure
D:7:      layout_basic, mainiacjoe_overflow_chevrons
D:8:      hellmonk_ruined_rings, layout_layer_cave, enter_bailey_8,
          serial_shops, shop_statue, sigmund_army, uniq_pikel
D:9:      layout_grid_maze, ebering_ghost_inner_flame, minmay_liquid_box,
          uniq_psyche
D:10:     layout_loops_ring, minmay_librarian, uniq_josephine
D:11:     layout_loops_ring, dpeg_lair_monsters, kennysheep_generic_room_8
D:12:     layout_gridville, orc_0_dummy, special_room [special_room_bee],
          uniq_lodul
D:13:     minmay_roctagon, layout_loops_ring, grunt_vaults_entry_fortified,
          ebering_ghost_funeral_grove, serial_shops, nicolae_inconvenience_store
D:14:     layout_long_grid, gammafunk_ghost_arena, minmay_misc_feat_four_crosses
D:15:     grunt_enter_depths_giant_problem, layout_irregular_city,
          nicolae_vehumet_radiance, uniq_roxanne, uniq_nessos
Temple:   compressed_dpeg_circular_temple
Lair:1:   layout_cave_shapes, minmay_holes, serial_bayou_pond_b,
          beast_lair_carwin_3
Lair:2:   layout_chaotic_city, palyth_hydra_swamp_entry,
          nicolae_spider_entry_orb_guardian, portal_ice_cave_entry_imps,
          grunt_megastairs_4
Lair:3:   layout_regular_city, basic_altar, chequers_serial_rivers_micro_a,
          wad_woods_river_02, beast_lair_carwin_7, lemuel_fruit_fields
Lair:4:   layout_gridlike, slime_entry_2, uniq_sonja
Lair:5:   minmay_lair_end_enchanted_forest, layout_big_grid
Swamp:1:  layout_falls_marsh, evilmike_swamp_ruin_rubble_2, swamp_pool4
Orc:1:    dreamdust_under_siege, layout_caves, hellmonk_bongcloud_opening
Orc:2:    st_orc_congregation, layout_caves, basic_altar,
          david_defended_altar_orc

Skill      XL: |  1  2  3  4  5  6  7  8  9 10 11 12 13 14 15 16 |
---------------+-------------------------------------------------+-----
Invocations    | 1 2 3 4 5 6 7 8 9 10 11 12 | 12.5
Fighting       | 1 2 3 5 6 7 8 9 10 11 | 11.5
Long Blades    | 1 2 3 5 6 7 8 9 10 11 | 11.5
Axes           | 1 2 3 5 6 7 8 9 10 11 | 11.5
Maces & Flails | 1 2 3 5 6 7 8 9 10 11 | 11.5
Polearms       | 1 2 3 5 6 7 8 9 10 11 | 11.5
Staves         | 1 2 3 5 6 7 8 9 10 11 | 11.5
Ranged Weapons | 1 2 3 5 6 7 8 9 10 11 | 11.5
Throwing       | 1 2 3 5 6 7 8 9 10 11 | 11.5
Armour         | 1 2 3 5 6 7 8 9 10 11 | 11.5
Dodging        | 1 2 3 5 6 7 8 9 10 11 | 11.5
Stealth        | 1 2 3 5 6 7 8 9 10 11 | 11.5
Unarmed Combat | 1 2 3 5 6 7 8 9 10 11 | 11.5
Spellcasting   | 3 4 5 6 7 8 9 10 11 | 11.9
Evocations     | 1 2 3 5 6 7 8 9 10 11 | 11.5
Conjurations   | 1 2 3 4 5 6 7 8 9 |  9.7
Hexes          | 1 2 3 4 5 6 7 8 9 |  9.7
Summonings     | 1 2 3 4 5 6 7 8 9 |  9.7
Necromancy     | 1 2 3 4 5 6 7 8 9 |  9.7
Transmutations | 1 2 3 4 5 6 7 8 9 |  9.7
Fire Magic     | 1 2 3 4 5 6 7 8 9 |  9.7
Ice Magic      | 1 2 3 4 5 6 7 8 9 |  9.7
Air Magic      | 1 2 3 4 5 6 7 8 9 |  9.7
Earth Magic    | 1 2 3 4 5 6 7 8 9 |  9.7
Poison Magic   | 1 2 3 4 5 6 7 8 9 |  9.7
Shields        | 5 6 7 8 9 10 11 12 | 12.4
Short Blades   | 9 10 11 12 13 14 | 14.1
Translocations | 6 7 8 9 10 11 | 11.2

Action                   |  1- 3 |  4- 6 |  7- 9 | 10-12 | 13-15 | 16-18 || total
-------------------------+-------+-------+-------+-------+-------+-------++-------
Melee: Short sword       |   134 |   105 |    23 |       |       |       ||   262
       Bite              |    17 |    29 |    68 |   104 |   111 |    35 ||   364
       Dagger            |       |   170 |   504 |   690 |   569 |   209 ||  2142
       Headbutt          |       |       |       |   120 |   163 |    78 ||   361
 Fire: Sling             |       |       |     8 |       |       |       ||     8
Throw: Dart              |       |     3 |    13 |    38 |    18 |       ||    72
 Cast: Poisonous Vapours |       |       |     1 |       |       |       ||     1
       Mephitic Cloud    |       |       |       |    31 |    33 |     1 ||    65
       Dispel Undead     |       |       |       |    31 |    21 |    20 ||    72
       Borgnjor's Vile C |       |       |       |    31 |   118 |    55 ||   204
       Olgreb's Toxic Ra |       |       |       |    10 |    34 |    20 ||    64
       Airstrike         |       |       |       |       |   177 |       ||   177
       Freezing Cloud    |       |       |       |       |     4 |     7 ||    11
       Blink             |       |       |       |       |     1 |     2 ||     3
       Iron Shot         |       |       |       |       |    39 |    90 ||   129
Invok: Curse Item        |       |       |     1 |     5 |     3 |       ||     9
       Shatter the Chain |       |       |       |       |       |     1 ||     1
Evoke: Wand              |       |       |       |    51 |    25 |     4 ||    80
  Use: Potion            |     1 |     2 |     3 |     9 |       |     1 ||    16
       Scroll            |     5 |     3 |     8 |     4 |     1 |     2 ||    23
 Stab: Sleeping          |     3 |     1 |     2 |    14 |     4 |     4 ||    28
       Confused          |       |       |       |    27 |    34 |     1 ||    62
       Distracted        |       |       |       |     1 |     3 |     1 ||     5
Armor: Leather armour    |    29 |    23 |    37 |     7 |       |       ||    96
       Skin              |       |    23 |       |       |       |       ||    23
       Robe              |       |       |       |    30 |    37 |    17 ||    84
Dodge: Dodged            |    43 |    85 |   158 |   271 |   234 |   105 ||   896
Block: Buckler           |    26 |    41 |    94 |   165 |   149 |    69 ||   544

Table legend: (Time is in decaauts)
 A = Elapsed time spent in this place.
 B = Non-inter-level travel time spent in this place.
 C = Inter-level travel time spent in this place.
 D = Time resting spent in this place.
 E = Time spent auto-exploring this place.
 F = Levels seen in this place.
 G = Mean time per level.
                   A        B        C        D        E       F      G
               +--------+--------+--------+--------+--------+-----+--------+
         Total |  37944 |  36170 |   1774 |  10271 |  19223 |  26 | 1459.4 |
       Dungeon |  22664 |  21636 |   1028 |   5578 |  12099 |  15 | 1510.9 |
        Temple |     89 |     80 |      9 |      0 |     54 |   1 |   89.0 |
          Lair |   8919 |   8404 |    515 |   2185 |   4963 |   5 | 1783.8 |
         Swamp |    128 |    128 |      0 |      0 |     17 |   1 |  128.0 |
  Orcish Mines |   3406 |   3186 |    220 |   1185 |   1392 |   2 | 1703.0 |
        Bailey |    511 |    511 |      0 |    180 |    154 |   1 |  511.0 |
      Ice Cave |   2225 |   2225 |      0 |   1142 |    543 |   1 | 2225.0 |
               +--------+--------+--------+--------+--------+-----+--------+

Top non-repeatable levels by time:
    D:13: 3009 daAuts
    D:11: 2408 daAuts
  Lair:5: 2292 daAuts
   IceCv: 2225 daAuts
    D:15: 2076 daAuts
  Lair:2: 1990 daAuts
  Lair:3: 1902 daAuts
     D:8: 1878 daAuts
   Orc:1: 1782 daAuts
    D:12: 1765 daAuts
   Orc:2: 1623 daAuts
    D:14: 1605 daAuts
  Lair:4: 1539 daAuts
     D:4: 1491 daAuts
     D:9: 1350 daAuts
